 Dungeon Crawl Stone Soup version bcrawl-1.15.1 (webtiles) character file.

Game seed: 7142301880519565487

36209 MordorOrchid the Destroyer (level 13, -4/84 HPs)
             Began as a Fairy Fire Elementalist on Sept 24, 2019.
             Was a High Priest of Vehumet.
             Succumbed to a meliai's poison
             ... on level 12 of the Dungeon on Sept 25, 2019.
             The game lasted 01:28:06 (9163 turns).

MordorOrchid the Destroyer (FrFE)                   Turns: 9163, Time: 01:28:06

Health: -4/84      AC: 10    Str:  6    XL:     13   Next: 88%
Magic:  30/31      EV: 26    Int: 22    God:    Vehumet [*****.]
Gold:   105        SH:  7    Dex: 15    Spells: 4/37 levels left

rFire    . . .     SeeInvis +   b - +0 blowgun
rCold    . . .     Gourm    .   (shield restricted)
rNeg     + . .     Faith    .   (armour unavailable)
rPois    .         Spirit   .   o - +1 helmet
rElec    .         Reflect  .   (no cloak)
rCorr    .         Harm     .   T - +0 pair of gloves
MR       +....                  (no boots)
Stlth    +.........             D - amulet of the acrobat
HPRegen  0.24/turn              x - ring of see invisible
MPRegen  0.22/turn              C - ring of positive energy

@: lethally poisoned (-4 -> -56), flying evasively, studying 2 skills
A: small, magic attunement, unstealthy, unfitting armour, able to fly, AC/SH +7
a: Stop Flying, Renounce Religion


You were on level 12 of the Dungeon.
You worshipped Vehumet.
Vehumet was extremely pleased with you.
You were near starving.

You visited 2 branches of the dungeon, and saw 13 of its levels.
You also visited: Ossuary and Bailey.

You collected 799 gold pieces.
You spent 694 gold pieces at shops.

Inventory:

Hand Weapons
 a - a +1 short sword of venom
 b - a +0 blowgun (weapon)
 r - a +1 shortbow of flaming
 y - a +5 dagger of flaming
 E - a +2 short sword of holy wrath
 W - a +4 dagger of chaos
Missiles
 f - 213 tomahawks
 j - 1521 arrows
 Q - 80 needles of confusion (quivered)
Armour
 o - a +1 helmet (worn)
 T - a +0 pair of gloves (worn)
Jewellery
 x - a ring of see invisible (left hand)
 z - an uncursed ring of resist corrosion
 C - a ring of positive energy (right hand)
 D - an amulet of the acrobat (around neck)
 H - an uncursed ring of wizardry
 I - an uncursed amulet of regeneration
Wands
 d - a wand of acid (1)
 w - a wand of paralysis (20)
 K - a wand of iceblast (5)
 L - a wand of digging (8)
 N - a wand of enslavement (13)
 O - a wand of random effects (9)
 U - a wand of polymorph (8)
 Z - a wand of flame (21)
Scrolls
 g - 2 scrolls of blinking
 i - 2 scrolls of fear
 l - 6 scrolls of remove curse
 n - 2 scrolls of noise
 q - a scroll of immolation {unknown}
 s - 7 scrolls of teleportation
 u - 5 scrolls of fog
 A - 3 scrolls of enchant armour
 F - 2 scrolls of magic mapping
 R - 4 scrolls of amnesia
 V - a scroll of enchant weapon {unknown}
 X - a scroll of acquirement
Potions
 h - 2 potions of brilliance
 m - 2 potions of curing
 p - 6 potions of heal wounds
 t - 2 potions of might
 B - 3 potions of haste
 G - a potion of berserk rage
 J - a potion of lignification
 M - a potion of resistance
Books
 P - a manual of Bows
 Y - a manual of Fighting
Comestibles
 c - 21 rations {!d}


   Skills:
 * Level 6.4 Fighting
 - Level 2.0 Short Blades
 * Level 11.7 Dodging
 - Level 1.5 Stealth
 + Level 12.7 Spellcasting
 + Level 13.0 Conjurations
 - Level 5.0 Summonings
 + Level 11.6 Fire Magic
 * Level 6.9 Ice Magic
 - Level 5.0 Air Magic
 - Level 2.0 Poison Magic
 - Level 6.0 Evocations


You had 4 spell levels left.
You knew the following spells:

 Your Spells              Type           Power        Failure   Level  Hunger
a - Flame Tongue          Conj/Fire      #####        1%          1    None
c - Conjure Flame         Conj/Fire      ######..     1%          3    None
d - Inner Flame           Hex/Fire       N/A          1%          3    None
e - Sticky Flame          Conj/Fire      ######..     1%          4    None
f - Fireball              Conj/Fire      ######....   1%          5    None
g - Mephitic Cloud        Conj/Pois/Air  #####...     1%          3    None
h - Bolt of Magma         Conj/Fire/Erth ######....   1%          5    None
i - Throw Icicle          Conj/Ice       ######..     1%          4    None
j - Summon Lightning Spi  Summ/Air       #####...     16%         5    None

Your spell library contained the following spells:

 Spells                   Type           Power        Failure   Level  Hunger
 Summon Small Mammal      Summ           ####         1%          1    None
 Call Imp                 Summ           #####...     1%          2    None
 Flaming Arrows           Chrm/Fire      #####...     1%          2    None
 Call Canine Familiar     Summ           #####...     1%          3    None
 Dazzling Spray           Conj/Hex       #####.       1%          3    None
 Summon Ice Beast         Ice/Summ       #####...     3%          4    None
 Yara's Violent Unravell  Hex/Tmut       ##........   12%         4    None
 Confuse                  Hex            ##......     14%         3    None
 Petrify                  Tmut/Erth      ##......     41%         4    None
 Metabolic Englaciation   Hex/Ice        ####......   30%         5    None
 Mana Rupture             Conj/Hex       #####.....   54%         7    None


Dungeon Overview and Level Annotations

Branches:
Dungeon (12/12)            Temple (1/1) D:5            Lair (0/6) D:7
    Orc (0/1) D:11         Depths (0/5) D:12
 Vaults: D:11-12

Altars:
Ashenzari
Cheibriados
Dithmenos
Fedhas
Gozag
Hepliaklqana
Kikubaaqudgha
Lugonu
Nemelex Xobeh
Okawaru
Qazlal
Ru
Sif Muna
Trog
Uskayaw
Vehumet
Wu Jian
Yredelemnul
Zin
The Shining One

Shops:
D:5 =   D:7 =   D:10 %*   D:11 [==?

Annotations:
D:3 3 runed translucent doors, Beaer's ghost, amateur VSRg; Kairok's ghost, weakling VSRg; hydraslayer's ghost, amateur FrCj
D:12 3 runed translucent doors, Goodini51's ghost, journeyman FrEE; Roxanne


Innate Abilities, Weirdness & Mutations

Your spells do not cause hunger and MP costs are reduced by 1.
Your bright wings attract enemies. (Stealth-)
You cannot fit into any form of body armour.
Your shimmering scales are hard and can block incoming attacks. (AC +7, SH +7)
You are small and have problems with some larger weapons.
You can fly continuously.


Message History

The meliai barely misses you. The meliai completely misses you.
The meliai closely misses you.
The meliai stings you but does no damage.
You swing at nothing.
* * * LOW HITPOINT WARNING * * *
You feel very sick. The meliai completely misses you. The meliai misses you.
You block the meliai's attack.
The meliai stings you but does no damage.
You block the meliai's attack. The meliai stings you!
* * * LOW HITPOINT WARNING * * *
You are more poisoned.
The meliai poisons you! The meliai closely misses you.
The meliai stings you but does no damage.
The meliai mumbles some strange prayers to its god against you.
Something smites you!
* * * LOW HITPOINT WARNING * * *
The meliai completely misses you. The meliai barely misses you.
You swing at nothing.
You die...

#..§≈≈≈§§.≈§≈≈..#.#......
#...≈#≈§≈≈§#≈...#.#.#.#..
#...≈≈≈≈#≈≈≈≈...#.#N8.8.(
#.....§.≈.≈...#...+mm..[#
##....§......##...+oo..)_
...............#.#.+om..|#
#############..#.#.#e8.8.$
#.#.#.#.#.#..
#.y@#.#......
#.yy######### #...# ...
#...# ... #...# ..#
#.#.##..# #.#.....#
#÷#..8..# #)).....#


You could see 3 meliai.

Vanquished Creatures
  A fire giant (D:12)
  Erolcha (D:12)
  Psyche (D:11)
  A hydra (D:12)
  13 two-headed ogres
  4 centaur warriors (D:12)
  2 ogre magi
  An unseen horror (D:12)
  An orc knight (Bailey)
  2 cyclopes
  A deep elf mage (D:12)
  An ugly thing (D:12)
  2 manticores (D:11)
  A gargoyle (D:12)
  A kobold demonologist (D:8)
  A komodo dragon (D:10)
  A freezing wraith (D:10)
  3 meliai (D:12)
  5 trolls
  A harpy skeleton (D:12)
  A meliai (shapeshifter) (D:12)
  A merfolk (D:11)
  A hornet (D:11)
  Grinder (D:4)
  6 hippogriffs
  A vampire (D:12)
  A shadow (D:9)
  6 yaks
  2 vampire mosquitoes (D:11)
  4 hungry ghosts
  A soldier ant (D:11)
  A hornet zombie (Ossuary)
  5 sky beasts
  Purgy (D:3)
  A black bear (D:11)
  9 ogres
  A phantom (D:8)
  15 orc warriors
  2 necrophages
  11 centaurs (D:12)
  A crocodile (D:7)
  9 bullfrogs
  19 big kobolds
  2 scorpions
  10 killer bees
  3 howler monkeys (D:7)
  5 crimson imps
  2 bullfrog zombies (Ossuary)
  5 centaur zombies
  12 hounds
  9 orc priests
  3 centaur skeletons
  A jelly (D:9)
  8 orc wizards
  3 iguanas
  Jessica (D:3)
  A bullfrog skeleton (D:7)
  12 worker ants
  3 killer bee zombies (Ossuary)
  4 hound zombies
  2 hound skeletons
  9 mummies (Ossuary)
  7 worker ant zombies (Ossuary)
  3 howler monkey zombies
  Robin (D:2)
  12 adders
  15 gnolls
  A howler monkey skeleton (D:8)
  2 shadow imps
  2 oozes (D:3)
  2 adder skeletons (D:6)
  2 adder zombies (Ossuary)
  4 worms
  3 dart slugs
  2 leopard geckos
  60 orcs
  4 bats
  6 giant cockroaches
  31 hobgoblins
  13 jackals
  2 quokkas (D:3)
  A ball python (D:2)
  5 frilled lizards
  40 goblins
  2 jackal zombies
  24 kobolds
  A leopard gecko zombie (Ossuary)
  5 rats
489 creatures vanquished.

Vanquished Creatures (collateral kills)
  A centaur warrior (D:12)
  An ogre mage (D:12)
  A tengu warrior (D:12)
  An ogre (D:12)
  2 centaurs (D:12)
  An orc (D:12)
7 creatures vanquished.

Vanquished Creatures (others)
  A killer bee (D:10)
  A withered plant (Ossuary)
2 creatures vanquished.

Grand Total: 498 creatures vanquished

Notes
Turn   | Place    | Note
-------+----------+-------------------------------------------
     0 | D:1      | MordorOrchid the Fairy Fire Elementalist began the quest
                  | for the Orb.
     0 | D:1      | Reached XP level 1. HP: 11/11 MP: 6/6
   218 | D:1      | Reached XP level 2. HP: 18/18 MP: 7/7
   461 | D:1      | Reached XP level 3. HP: 22/22 MP: 9/9
   466 | D:1      | Learned a level 3 spell: Conjure Flame
   470 | D:1      | Learned a level 3 spell: Inner Flame
   470 | D:1      | Upgraded the game from bcrawl-1.15-1-g696c4cd9b6 to
                  | bcrawl-1.15.1
   579 | D:2      | Reached skill level 2 in Conjurations
   714 | D:2      | Reached skill level 1 in Fighting
   900 | D:2      | Reached XP level 4. HP: 28/28 MP: 10/10
   915 | D:2      | Noticed Robin
   933 | D:2      | Killed Robin
  1287 | D:3      | Reached XP level 5. HP: 33/33 MP: 12/12
  1295 | D:3      | Reached skill level 3 in Conjurations
  1417 | D:3      | Noticed an ogre
  1426 | D:3      | Killed an ogre
  1426 | D:3      | Reached XP level 6. HP: 39/39 MP: 8/14
  1432 | D:3      | Learned a level 4 spell: Sticky Flame
  1461 | D:3      | Noticed Jessica
  1470 | D:3      | Killed Jessica
  1508 | D:3      | Reached skill level 4 in Conjurations
  1646 | D:3      | Noticed Purgy
  1655 | D:3      | Killed Purgy
  1655 | D:3      | Reached skill level 5 in Fire Magic
  1886 | D:3      | Found a runed translucent gate.
  1886 | D:3      | Found a runed translucent gate.
  1886 | D:3      | Found a runed translucent gate.
  1886 | D:3      | Noticed Beaer's ghost (amateur VSRg)
  1886 | D:3      | Noticed hydraslayer's ghost (amateur FrCj)
  1887 | D:3      | Noticed Kairok's ghost (weakling VSRg)
  1905 | D:4      | Noticed Grinder
  1911 | D:4      | Killed Grinder
  1911 | D:4      | Reached XP level 7. HP: 44/45 MP: 11/16
  1963 | D:4      | Reached skill level 5 in Conjurations
  1971 | D:4      | Found an iron altar of Okawaru.
  1996 | D:4      | Reached skill level 5 in Spellcasting
  2013 | D:4      | Reached skill level 5 in Dodging
  2405 | D:4      | Reached XP level 8. HP: 52/52 MP: 14/17
  2461 | D:4      | Learned a level 5 spell: Fireball
  2462 | D:5      | Entered Level 5 of the Dungeon
  2473 | D:5      | Reached skill level 1 in Evocations
  2635 | D:5      | Found a sand-covered staircase.
  2645 | D:5      | Found a staircase to the Ecumenical Temple.
  2665 | Temple   | Entered the Ecumenical Temple
  2694 | Temple   | Became a worshipper of Vehumet
  2729 | Ossuary  | Entered an ossuary
  2810 | Ossuary  | Reached skill level 6 in Conjurations
  2886 | Ossuary  | Reached skill level 1 in Short Blades
  2897 | Ossuary  | Reached * piety under Vehumet
  2897 | Ossuary  | Offered knowledge of Sting by Vehumet.
  2990 | Ossuary  | Reached XP level 9. HP: 57/58 MP: 9/20
  3155 | D:5      | Found a basalt altar of Yredelemnul.
  3173 | D:5      | Reached skill level 7 in Conjurations
  3265 | D:5      | Found an ornate altar of the Wu Jian Council.
  3469 | D:5      | Reached ** piety under Vehumet
  3547 | D:5      | Offered knowledge of Sandblast by Vehumet.
  3693 | D:5      | Offered knowledge of Mephitic Cloud by Vehumet.
  3700 | D:5      | Learned a level 3 spell: Mephitic Cloud
  3732 | D:5      | Reached *** piety under Vehumet
  3934 | D:5      | Found Vocoor's Jewellery Shoppe.
  3937 | D:5      | Bought an uncursed ring of wizardry for 390 gold pieces
  4027 | D:6      | Offered knowledge of Fulminant Prism by Vehumet.
  4199 | D:6      | Reached skill level 1 in Air Magic
  4199 | D:6      | Reached skill level 1 in Poison Magic
  4371 | D:6      | Reached skill level 8 in Conjurations
  4431 | D:6      | Reached **** piety under Vehumet
  4622 | D:7      | Reached XP level 10. HP: 63/63 MP: 23/23
  4627 | D:7      | Found Uskapez's Jewellery Shop.
  4643 | D:7      | Bought a cursed amulet of inaccuracy for 28 gold pieces
  4771 | D:7      | Offered knowledge of Bolt of Draining by Vehumet.
  4825 | D:7      | Found a staircase to the Lair.
  4935 | D:7      | Reached skill level 9 in Conjurations
  4960 | D:7      | Found a shattered altar of Ashenzari.
  4961 | D:7      | Found a hide-covered altar of Uskayaw.
  4961 | D:7      | Found a hazy altar of Hepliaklqana.
  4963 | D:7      | Found a corrupted altar of Lugonu.
  5280 | D:8      | Learned a level 4 spell: Summon Ice Beast
  5326 | D:8      | Noticed a two-headed ogre
  5327 | D:8      | Noticed a two-headed ogre
  5344 | D:8      | Killed a two-headed ogre
  5348 | D:8      | Killed a two-headed ogre
  5348 | D:8      | Reached skill level 5 in Evocations
  5393 | D:8      | Noticed a two-headed ogre
  5394 | D:8      | Noticed an ogre mage
  5394 | D:8      | Noticed a two-headed ogre
  5408 | D:8      | Killed a two-headed ogre
  5408 | D:8      | Killed a two-headed ogre
  5408 | D:8      | Reached skill level 10 in Conjurations
  5408 | D:8      | Reached XP level 11. HP: 69/69 MP: 14/25
  5417 | D:8      | Noticed a two-headed ogre
  5417 | D:8      | Noticed a two-headed ogre
  5758 | D:8      | Reached skill level 1 in Summonings
  5877 | D:8      | Killed an ogre mage
  5877 | D:8      | Reached ***** piety under Vehumet
  5877 | D:8      | Offered knowledge of Throw Icicle by Vehumet.
  5877 | D:8      | Killed a two-headed ogre
  5877 | D:8      | Killed a two-headed ogre
  6002 | D:8      | Reached skill level 11 in Conjurations
  6011 | D:8      | Reached skill level 10 in Spellcasting
  6104 | D:8      | Learned a level 5 spell: Summon Lightning Spire
  6110 | D:8      | Learned a level 4 spell: Throw Icicle
  6315 | D:9      | Reached skill level 1 in Ice Magic
  6434 | D:9      | Reached XP level 12. HP: 74/74 MP: 23/28
  6520 | D:9      | Found a bloodstained altar of Trog.
  6524 | D:9      | Reached skill level 10 in Fire Magic
  6842 | D:10     | Entered Level 10 of the Dungeon
  6903 | D:10     | Found a blossoming altar of Fedhas.
  6913 | D:10     | Noticed a two-headed ogre
  6913 | D:10     | Noticed a two-headed ogre
  6915 | D:10     | Noticed an ogre mage
  6944 | D:10     | Killed a two-headed ogre
  6949 | D:9      | Killed a two-headed ogre
  6960 | D:9      | Reached skill level 10 in Dodging
  7014 | D:10     | Killed an ogre mage
  7014 | D:10     | Noticed a two-headed ogre
  7018 | D:10     | Noticed a two-headed ogre
  7034 | D:10     | Killed a two-headed ogre
  7188 | D:10     | Found Dineatrute's Assorted Antiques.
  7191 | D:10     | Bought a grey potion for 22 gold pieces
  7191 | D:10     | Bought a tapered bronze wand for 100 gold pieces
  7257 | D:10     | Killed a two-headed ogre
  7342 | D:10     | Found Sirem's Food Shoppe.
  7488 | D:10     | Noticed a two-headed ogre
  7492 | D:10     | Killed a two-headed ogre
  7544 | D:11     | Found a flagged portal.
  7544 | D:11     | Noticed Psyche
  7548 | D:11     | Killed Psyche
  7572 | D:11     | Reached skill level 12 in Conjurations
  7648 | Bailey   | Entered a bailey
  7696 | Bailey   | Offered knowledge of Bolt of Magma by Vehumet.
  7799 | Bailey   | Reached skill level 5 in Ice Magic
  7923 | D:11     | Found an opulent altar of Gozag.
  8005 | D:11     | Found Savethoa's Antique Armour Emporium.
  8037 | D:11     | Reached XP level 13. HP: 74/79 MP: 24/30
  8058 | D:11     | Found Agenamudo's Jewellery Shoppe.
  8120 | D:11     | Found a staircase to the Orcish Mines.
  8185 | D:11     | Found Qegaumm's Magic Scroll Shoppe.
  8219 | D:11     | Bought 2 scrolls of fog for 56 gold pieces
  8219 | D:11     | Bought a scroll of fog for 28 gold pieces
  8219 | D:11     | Bought a scroll of identify for 28 gold pieces
  8219 | D:11     | Bought a scroll of teleportation for 42 gold pieces
  8299 | D:11     | Found Koz Zizi's Jewellery Boutique.
  8355 | D:11     | Learned a level 5 spell: Bolt of Magma
  8356 | D:12     | Entered Level 12 of the Dungeon
  8360 | D:12     | Noticed a fire giant
  8393 | D:12     | Reached skill level 5 in Fighting
  8406 | D:12     | Reached skill level 5 in Air Magic
  8425 | D:12     | Reached skill level 5 in Summonings
  8616 | D:12     | Noticed Erolcha
  8621 | D:12     | Killed Erolcha
  8728 | D:12     | Found a staircase to the Depths.
  8743 | D:12     | Killed a fire giant
  8766 | D:12     | Found a runed translucent gate.
  8766 | D:12     | Found a runed translucent gate.
  8775 | D:12     | Identified a scroll of acquirement
  8787 | D:12     | Found a runed translucent gate.
  8787 | D:12     | Noticed a merfolk impaler
  8787 | D:12     | Noticed an orc warlord
  8788 | D:12     | Noticed a merfolk javelineer
  8788 | D:12     | Noticed Goodini51's ghost (journeyman FrEE)
  8788 | D:12     | Noticed a merfolk impaler
  8789 | D:12     | Found an iron altar of Okawaru.
  8797 | D:12     | Noticed Roxanne
  8867 | D:12     | Reached skill level 13 in Conjurations
  9162 | D:12     | HP: 3/84 [meliai/divine providence (7)]
  9163 | D:12     | Succumbed to a meliai's poison

Skill      XL: |  1  2  3  4  5  6  7  8  9 10 11 12 13 |
---------------+----------------------------------------+-----
Fire Magic     | 4 5 6 7 8 9 11 | 11.6
Dodging        | 3 4 5 6 7 8 9 10 11 | 11.7
Conjurations   | 2 3 4 5 6 8 10 11 12 13 | 13.0
Spellcasting   | 3 4 5 6 7 8 10 11 12 | 12.7
Fighting       | 1 2 3 4 6 |  6.4
Evocations     | 2 3 5 6 |  6.0
Short Blades   | 1 2 |  2.0
Air Magic      | 2 4 5 |  5.0
Poison Magic   | 2 |  2.0
Summonings     | 3 4 5 |  5.0
Ice Magic      | 1 5 6 |  6.9
Stealth        | |  1.5

Action                   |  1- 3 |  4- 6 |  7- 9 | 10-12 | 13-15 || total
-------------------------+-------+-------+-------+-------+-------++-------
Melee: Unarmed           |     2 |     1 |       |       |       ||     3
       Short sword       |       |       |    79 |    16 |       ||    95
       Dagger            |       |       |       |    13 |    15 ||    28
       Hunting sling     |       |       |       |     2 |       ||     2
 Fire: Blowgun           |       |    12 |    29 |     5 |     5 ||    51
       Hunting sling     |       |       |    45 |       |       ||    45
Throw: Tomahawk          |       |       |     2 |       |       ||     2
 Cast: Flame Tongue      |    78 |    80 |   242 |   322 |    24 ||   746
       Conjure Flame     |     1 |     8 |    34 |    31 |     6 ||    80
       Inner Flame       |       |     2 |     8 |     4 |       ||    14
       Sticky Flame      |       |     1 |    22 |    25 |     6 ||    54
       Fireball          |       |       |     7 |    89 |    19 ||   115
       Mephitic Cloud    |       |       |       |    14 |    19 ||    33
       Throw Icicle      |       |       |       |     5 |     7 ||    12
       Summon Lightning  |       |       |       |     1 |     3 ||     4
       Bolt of Magma     |       |       |       |       |    28 ||    28
Evoke: Wand              |       |       |       |       |     9 ||     9
  Use: Scroll            |       |     1 |    15 |     7 |     2 ||    25
       Potion            |       |       |       |       |     5 ||     5
 Stab: Confused          |       |       |       |     4 |       ||     4
  Eat: Chunk             |       |     3 |     6 |    10 |     3 ||    22
       Ration            |       |       |     1 |       |       ||     1
Armor: Skin              |     6 |     3 |    32 |    17 |     9 ||    67
Dodge: Dodged            |    20 |    28 |   151 |   137 |    96 ||   432
Block: Other             |     7 |     3 |    42 |    51 |    31 ||   134
